AoeStats
← yuannnnnnnnnnn

Arena

509614744Analyzed
4v4 RM · 6d ago on Sep 27, 2026· 57m 39s· 8 players
Game mode
Random Map
Map size
Large (8 player)
Population
200
Speed
Normal
Resources
Standard
Victory
Conquest
Starting age
Dark Age
Ending age
Imperial Age
RankedLock teamsTeams togetherTeam positionsShared explorationLock speedFull tech treeHidden civsTurbo modeCheats
Victory
Defeat
🇸🇪 Chinese · Sweden
841
+14
🇸🇪 Bengalis · Sweden
815
+15
🇨🇳 Persians · China
777
+17
🇵🇱 Britons · Poland
772
+17
🇮🇳 Magyars · India
830
-32
🇨🇳 Saracens · China
829
-18
🇨🇳 Chinese · China
779
-15
🇮🇳 Turks · India
739
-13
RafixD984595
11:30 Feudal Age
13:58 Double-Bit Axe
20:36 Castle Age
19:55 Fletching
20:06 Padded Archer Armor
21:59 Pikeman
22:39 Squires
23:18 Squires
24:10 Murder Holes
25:32 Leather Archer Armor
26:59 Ballistics
28:06 Wheelbarrow
27:45 Bodkin Arrow
30:44 Yeomen
33:26 Masonry
33:27 Fortified Wall
37:20 Imperial Age
35:12 Hand Cart
36:48 Forging
36:39 Scale Mail Armor
37:37 Arson
38:29 Elite Longbowman
40:21 Chemistry
41:35 Conscription
41:24 Bracer
41:55 Ring Archer Armor
48:31 Warwolf
50:23 Architecture
57:14 Siege Engineers
57:21 Fervor
57:47 Iron Casting
57:28 Chain Mail Armor
57:17 Caravan
57:48 Coinage
ricksanchez
1:01 Loom
12:29 Feudal Age
13:32 Feudal Age
15:13 Wheelbarrow
18:04 Castle Age
16:31 Stone Mining
16:30 Double-Bit Axe
17:53 Gold Mining
17:45 Horse Collar
19:38 Hand Cart
24:58 Fletching
25:54 Gold Shaft Mining
25:22 Heavy Plow
25:35 Bow Saw
31:26 Imperial Age
29:42 Ballistics
29:18 Murder Holes
30:08 Fletching
30:19 Padded Archer Armor
30:46 Bodkin Arrow
30:58 Caravan
32:27 Leather Archer Armor
32:49 Conscription
33:46 Chemistry
32:51 Bracer
34:38 Town Watch
35:28 Ring Archer Armor
36:03 Two-Man Saw
35:41 Stone Shaft Mining
37:27 Elite Chu Ko Nu
41:04 Heavy Rocket Cart
44:14 Rocketry
45:21 Thumb Ring
48:18 Fortified Wall
50:48 Crossbowman
52:53 Arbalester
JustinZane
12:23 Feudal Age
13:17 Double-Bit Axe
15:50 Horse Collar
20:07 Castle Age
19:35 Wheelbarrow
19:42 Forging
19:23 Fletching
19:37 Fletching
20:04 Padded Archer Armor
22:31 Heavy Plow
25:06 Bow Saw
26:21 Gold Mining
30:53 Imperial Age
28:14 Town Watch
28:38 Scale Barding Armor
30:44 Caravan
31:27 Elite Skirmisher
33:31 Iron Casting
32:58 Scale Mail Armor
33:00 Stone Mining
35:07 Chemistry
35:15 Blast Furnace
34:38 Chain Barding Armor
35:19 Bodkin Arrow
35:41 Leather Archer Armor
38:13 Bracer
38:49 Plate Barding Armor
38:40 Elite Elephant Archer
42:19 Chain Mail Armor
42:37 Ring Archer Armor
42:22 Chain Mail Armor
42:42 Crop Rotation
42:36 Paiks
46:39 Ballistics
46:32 Fortified Wall
47:08 Siege Elephant
53:22 Elite Ratha (Ranged)
yuannnnnnnnnnn
11:07 Loom
13:11 Feudal Age
11:27 Loom
21:28 Castle Age
19:30 Double-Bit Axe
24:19 Stone Mining
24:20 Gold Mining
24:56 Bow Saw
24:30 Horse Collar
28:51 Forging
29:24 Wheelbarrow
31:18 Hand Cart
34:02 Scale Barding Armor
35:22 Gold Shaft Mining
38:12 Husbandry
38:05 Light Cavalry
42:46 Imperial Age
42:44 Cavalier
44:41 Light Cavalry
45:31 Bloodlines
46:01 Heavy Plow
47:10 Two-Man Saw
46:08 Hussar
46:22 Hussar
48:15 Chain Barding Armor
48:31 Iron Casting
RookToD2
7:46 Loom
9:54 Feudal Age
11:09 Double-Bit Axe
18:12 Castle Age
17:05 Horse Collar
17:23 Stone Mining
17:24 Gold Mining
20:06 Bow Saw
20:28 Heavy Plow
24:46 Wheelbarrow
25:45 Thumb Ring
25:59 Fletching
26:09 Padded Archer Armor
28:29 Hand Cart
32:48 Imperial Age
31:56 Leather Archer Armor
32:09 Ballistics
35:18 Conscription
34:19 Elite Janissary
38:15 Gold Shaft Mining
38:52 Ring Archer Armor
38:17 Bodkin Arrow
39:54 Two-Man Saw
42:33 Bombard Tower
42:10 Murder Holes
42:27 Masonry
42:13 Treadmill Crane
47:53 Bracer
49:02 Caravan
R0NIN
11:58 Loom
13:45 Feudal Age
14:51 Double-Bit Axe
14:48 Horse Collar
18:15 Castle Age
17:48 Loom
19:03 Wheelbarrow
19:30 Bow Saw
20:49 Fervor
21:13 Elite Skirmisher
21:59 Thumb Ring
25:47 Fletching
26:59 Corvinian Army
27:33 Heavy Plow
28:04 Padded Archer Armor
30:39 Herbal Medicine
30:54 Scale Barding Armor
30:45 Bodkin Arrow
36:58 Chain Barding Armor
36:54 Leather Archer Armor
36:43 Scale Mail Armor
39:31 Devotion
51:13 Imperial Age
53:03 Chemistry
53:25 Conscription
53:47 Heavy Scorpion
54:40 Onager
baiyileng
9:12 Feudal Age
15:37 Castle Age
14:46 Horse Collar
14:54 Double-Bit Axe
21:13 Bow Saw
21:44 Heavy Plow
24:56 Wheelbarrow
24:07 Loom
24:12 Town Watch
25:57 Gold Mining
26:05 Stone Mining
30:21 Forging
30:18 Scale Barding Armor
31:02 Ballistics
32:51 Gold Shaft Mining
32:40 Chain Barding Armor
32:55 Iron Casting
32:11 Fletching
32:22 Padded Archer Armor
35:53 Imperial Age
34:16 Hand Cart
36:57 Conscription
37:03 Elite Mameluke
39:35 Two-Man Saw
39:40 Blast Furnace
39:16 Plate Barding Armor
39:47 Onager
42:40 Onager
43:51 Leather Archer Armor
43:32 Bodkin Arrow
46:40 Siege Onager
51:13 Bloodlines
51:04 Husbandry
50:52 Light Cavalry
52:39 Hussar
1192339610
0:40 Loom
11:25 Feudal Age
21:44 Castle Age
19:34 Horse Collar
19:47 Gold Mining
19:53 Double-Bit Axe
20:43 Padded Archer Armor
20:34 Fletching
24:29 Bow Saw
24:21 Heavy Plow
25:39 Leather Archer Armor
25:20 Bodkin Arrow
27:50 Great Wall
34:16 Imperial Age
40:45 Wheelbarrow
42:29 Thumb Ring
41:47 Elite Skirmisher
43:08 Husbandry
43:21 Bloodlines
43:44 Light Cavalry
45:10 Ring Archer Armor
44:40 Bracer
44:52 Scale Barding Armor
Connection lost

Rejoining the realm…

Still unreachable

The connection could not be restored.

Session expired

The server has moved on; the page needs a fresh start.